 Dungeon Crawl Stone Soup version 0.16.1 (webtiles) character file.

9653 Ladykiller69 the Cleaver (level 11, -4/94 HPs)
             Began as a Deep Dwarf Fighter on Mar 23, 2015.
             Was the Champion of Makhleb.
             Slain by a two-headed ogre
             ... wielding a +0 giant club
              (19 damage)
             ... on level 12 of the Dungeon.
             The game lasted 00:56:53 (7947 turns).

Ladykiller69 the Cleaver (Deep Dwarf Fighter)       Turns: 7947, Time: 00:56:54

Health: -4/94      AC: 11    Str: 20    XL:     11   Next: 25%
Magic:  19/19      EV:  5    Int:  9    God:    Makhleb [******]
Gold:   540        SH: 12    Dex: 17    Spells: 0 memorised, 10 levels left

rFire  . . .     SeeInvis .     a - +0 war axe
rCold  . . .     Clarity  .     U - +0 plate armour
rNeg   + + .     SustAb   .     c - +0 shield
rPois  +         Gourm    .     (helmet restricted)
rElec  .         Spirit   .     z - +0 cloak
rCorr  .         Warding  +     C - +0 pair of gloves
rMut   .         Rnd*Tele +     (no boots)
MR     +....                    H - amulet of warding
Stlth  ..........               M - ring of positive energy
                                W - ring of teleport control

@: non-regenerating, somewhat resistant to hostile enchantments, extremely
unstealthy
A: damage resistance, recharge devices, hooves 1, horns 1, agile 1, deformed
body, low mp 1, sense surroundings 2, poison resistance, slow healing 3,
teleportitis 1
a: Device Recharging, Minor Destruction, Lesser Servant of Makhleb, Major
Destruction, Greater Servant of Makhleb, Renounce Religion, Evoke Teleport
Control


You were on level 12 of the Dungeon.
You worshipped Makhleb.
Makhleb was exalted by your worship.
You were not hungry.

You visited 3 branches of the dungeon, and saw 16 of its levels.
You also visited: Sewer.

You collected 540 gold pieces.

Inventory:

Hand weapons
 a - a +0 war axe (weapon)
 R - a +1 flail of protection
Armour
 c - a +0 shield (worn)
 z - a +0 cloak (worn)
 B - a +0 large shield
 C - a +0 pair of gloves (worn)
 F - a +2 helmet
 K - a +0 chain mail
 U - a +0 plate armour (worn)
Jewellery
 q - an uncursed ring of positive energy
 s - an uncursed ring of ice
 u - an uncursed ring of sustain abilities {unknown}
 H - an amulet of warding (around neck)
 M - a ring of positive energy (right hand)
 W - a ring of teleport control (left hand)
Magical devices
 d - a wand of heal wounds (4)
 o - a wand of heal wounds (7)
 Q - a wand of fireball (3)
 V - a wand of enslavement (9)
Scrolls
 e - 2 scrolls of amnesia {unknown}
 k - 3 scrolls of teleportation {unknown}
 n - 3 scrolls of remove curse
 t - 5 scrolls of fog {unknown}
 w - a scroll of fear {unknown}
 A - 8 scrolls of identify
 D - a scroll of recharging {unknown}
 G - a scroll of random uselessness {unknown}
 I - a scroll of blinking {unknown}
 O - a scroll of vulnerability {unknown}
 S - 3 scrolls of summoning {unknown}
Potions
 g - 2 potions of brilliance
 h - a potion of haste {unknown}
 j - a potion of heal wounds
 m - a potion of experience {unknown}
 p - a potion of poison
 v - a potion of degeneration {unknown}
 x - 2 potions of cancellation
 T - a potion of might
Books
 b - a book of the Warp

   Spells                             Type                      Level
   a - Recall                         Summoning/Translocation      3
   b - Control Teleport               Charms/Translocation         4
   c - Force Lance                    Conjuration/Translocation    4
   d - Phase Shift                    Translocation                5
   e - Warp Weapon                    Charms/Translocation         5
   f - Gell's Gravitas                Hexes/Translocation          5
   g - Summon Forest                  Summoning/Translocation      5
 i - a book of the Earth

   Spells                             Type                      Level
   a - Leda's Liquefaction            Hexes/Earth                  4
   b - Bolt of Magma                  Conjuration/Fire/Earth       5
   c - Statue Form                    Transmutation/Earth          6
   d - Iron Shot                      Conjuration/Earth            6
   e - Shatter                        Earth                        9
 y - a book of Unlife

   Spells                             Type                      Level
   a - Recall                         Summoning/Translocation      3
   b - Animate Dead                   Necromancy                   4
   c - Control Undead                 Necromancy                   4
   d - Cigotuvi's Embrace             Necromancy                   5
   e - Death Channel                  Necromancy                   6
   f - Simulacrum                     Ice/Necromancy               6
 E - a book of Ice

   Spells                             Type                      Level
   a - Ice Form                       Ice/Transmutation            4
   b - Metabolic Englaciation         Hexes/Ice                    5
   c - Ozocubu's Refrigeration        Ice                          6
   d - Bolt of Cold                   Conjuration/Ice              6
   e - Freezing Cloud                 Conjuration/Ice/Air          6
   f - Simulacrum                     Ice/Necromancy               6
 J - a book of Air

   Spells                             Type                      Level
   a - Shock                          Conjuration/Air              1
   b - Swiftness                      Charms/Air                   2
   c - Repel Missiles                 Charms/Air                   2
   d - Flight                         Charms/Air                   3
   e - Static Discharge               Conjuration/Air              3
   f - Lightning Bolt                 Conjuration/Air              5
 N - a book of Control

   Spells                             Type                      Level
   a - Control Teleport               Charms/Translocation         4
   b - Control Undead                 Necromancy                   4
   c - Enslavement                    Hexes                        4
   d - Metabolic Englaciation         Hexes/Ice                    5
   e - Mass Confusion                 Hexes                        6
 Z - a book of the Sky

   Spells                             Type                      Level
   a - Flight                         Charms/Air                   3
   b - Airstrike                      Air                          4
   c - Silence                        Hexes/Air                    5
   d - Deflect Missiles               Charms/Air                   6
   e - Conjure Ball Lightning         Conjuration/Air              6
   f - Tornado                        Air                          9
Comestibles
 f - 8 bread rations
 l - 6 meat rations
 r - 7 fruits
 L - 8 slices of pizza
 P - 2 beef jerkies
 X - a royal jelly
 Y - 3 chunks of flesh


   Skills:
 - Level 5.0 Fighting
 * Level 12.3 Axes
 + Level 8.5 Armour
 * Level 10.4 Shields
 + Level 7.4 Invocations


You had 10 spell levels left.
You didn't know any spells.

Dungeon Overview and Level Annotations

Branches:
Dungeon (12/15)            Temple (0/1) D:6            Lair (1/8) D:9
    Orc (3/4) D:11
    Elf: Orc:3-4

Altars:
Dithmenos
Fedhas
Kikubaaqudgha
Makhleb
Nemelex Xobeh
Okawaru
Vehumet
Xom
The Shining One

Shops:
D:9 [   D:10 *   Orc:1 =

Annotations:
D:2 Terence
D:3 Ladykiller69's ghost, average NaBe
D:4 Ladykiller69's ghost, average FoGl
D:8 exclusion: door
Orc:3 Harold


Innate Abilities, Weirdness & Mutations

You are resistant to damage.
You can recharge devices by infusing magical energy.
You passively map the area around you.
You do not heal naturally.
You have large cloven feet.
You have a pair of small horns on your head.
You are agile. (Dex +2)
Armour fits poorly on your strangely shaped body.
Your magical capacity is low (-10% MP).
Your system is resistant to poisons.
Space occasionally distorts in your vicinity.


Message History

Press: ? - help, Shift-Dir - straight line, f - two-headed ogre
Aim: a two-headed ogre, wielding a giant club and a giant spiked club The orb of electricity explodes!
The orb of electricity engulfs the two-headed ogre.
The two-headed ogre is severely wounded.
You feel somewhat more hungry.
The hippogriff screeches!
You hit the two-headed ogre.
You kick the two-headed ogre, but do no damage.
The two-headed ogre is almost dead.
The two-headed ogre hits you with a giant club!
* * * LOW HITPOINT WARNING * * *
The two-headed ogre closely misses you.
You hit the two-headed ogre but do no damage.
You kick the two-headed ogre, but do no damage.
The two-headed ogre is almost dead.
The two-headed ogre hits you with a giant club.
* * * LOW HITPOINT WARNING * * *
The two-headed ogre hits you with a giant spiked club!!
You die...

#............
#<...........
#............ ,
#........... ,
#####..........,
###.............
,, ,
##...............,
,
#..##.......<...#.
,,
#.####..@...H$...#
, ##
#....O........*
#..#...........*
##[###......### *
#..# ###....#, * *
#.## ....... ##.#
..##... ,, , #..#
..# ## #.## *..# *
,


You could see a hippogriff and a two-headed ogre.

Vanquished Creatures
  A gargoyle (D:10)
  A troll (D:9)
  A basilisk (D:9)
  A two-headed ogre (D:9)
  A shadow (D:11)
  A wraith (D:10)
  A human (D:11)
  12 yaks
  Grum (D:10)
  A deep elf fighter (D:8)
  2 hippogriffs
  3 wargs
  Edmund (D:9)
  4 wolves (D:10)
  A soldier ant (D:11)
  2 porcupines (D:9)
  An ice beast (D:5)
  2 water moccasins
  2 sky beasts
  An eye of draining (D:11)
  3 orc warriors
  2 black bears
  A necrophage (D:11)
  3 ogres
  3 crocodiles
  3 centaurs
  A big kobold (D:11)
  7 giant frogs
  2 wyvern skeletons
  4 scorpions
  15 wights
  5 crimson imps
  2 vampire bats (D:7)
  A jelly (D:10)
  A wasp zombie (D:5)
  A centaur skeleton (D:7)
  5 hounds
  13 orc wizards
  2 giant frog skeletons
  6 orc priests
  An iguana (D:4)
  A killer bee zombie (D:7)
  5 worker ants
  3 hound skeletons
  A worker ant zombie (D:10)
  10 adders
  14 giant mites
  7 river rats
  2 shadow imps
  An adder zombie (D:7)
  14 giant geckos
  14 oozes
  53 orcs
  5 bats
  4 bat skeletons (D:7)
  2 bat zombies (D:7)
  14 giant cockroaches
  7 goblins
  11 hobgoblins
  12 kobolds
  4 quokkas
  8 ball pythons
  A giant gecko skeleton (D:5)
  15 giant newts
  A quokka skeleton (D:6)
  A quokka zombie (D:5)
  13 rats
344 creatures vanquished.

Vanquished Creatures (others)
  A neqoxec (D:9)
  A fungus (D:9)
  A plant (D:9)
3 creatures vanquished.

Grand Total: 347 creatures vanquished

Notes
Turn   | Place    | Note
--------------------------------------------------------------
     0 | D:1      | Ladykiller69, the Deep Dwarf Fighter, began the quest for the Orb.
     0 | D:1      | Reached XP level 1. HP: 20/20 MP: 1/1
   317 | D:2      | Reached XP level 2. HP: 25/27 MP: 2/2
   374 | D:2      | Noticed Terence
   469 | D:3      | Noticed Ladykiller69's ghost (average NaBe)
   476 | D:3      | Reached XP level 3. HP: 24/34 MP: 3/3
   790 | D:3      | Reached XP level 4. HP: 25/42 MP: 4/4
   792 | D:3      | Reached skill level 4 in Shields
   932 | D:5      | Entered Level 5 of the Dungeon
   966 | D:5      | Found a burning altar of Makhleb.
   971 | D:5      | Reached XP level 5. HP: 26/49 MP: 5/5
   972 | D:5      | Found a shimmering altar of Xom.
   976 | D:5      | Became a worshipper of Makhleb the Destroyer
  1053 | D:5      | Noticed a centaur
  1068 | D:5      | Killed a centaur
  1128 | D:5      | Found a glowing drain.
  1139 | Sewer    | Entered a sewer
  1197 | Sewer    | Reached XP level 6. HP: 40/56 MP: 6/6
  1215 | Sewer    | Acquired Makhleb's first power
  1371 | Sewer    | Reached skill level 5 in Axes
  1393 | Sewer    | Acquired Makhleb's second power
  1570 | Sewer    | Reached skill level 5 in Armour
  1570 | Sewer    | Reached skill level 5 in Shields
  1570 | Sewer    | Reached XP level 7. HP: 63/63 MP: 7/7
  1664 | D:5      | Noticed a giant frog
  1676 | D:5      | Killed a giant frog
  1676 | D:5      | Reached skill level 1 in Invocations
  1768 | D:4      | Acquired Makhleb's third power
  1793 | D:4      | Reached skill level 6 in Axes
  1956 | D:4      | Found a blossoming altar of Fedhas.
  2044 | D:4      | Noticed Ladykiller69's ghost (average FoGl)
  2240 | D:5      | Noticed an ice beast
  2264 | D:5      | Killed an ice beast
  2264 | D:5      | Reached skill level 7 in Axes
  2519 | D:6      | Reached XP level 8. HP: 30/72 MP: 12/12
  2579 | D:6      | Acquired Makhleb's fourth power
  2909 | D:7      | Found a radiant altar of Vehumet.
  2970 | D:7      | Found an ancient bone altar of Kikubaaqudgha.
  2973 | D:7      | Reached skill level 8 in Axes
  3139 | D:7      | Reached skill level 5 in Fighting
  3355 | D:6      | Found a staircase to the Ecumenical Temple.
  3426 | D:6      | Found a sparkling altar of Nemelex Xobeh.
  3467 | D:5      | Acquired Makhleb's fifth power
  4031 | D:8      | Reached skill level 9 in Axes
  4031 | D:8      | Gained mutation: You passively map the area around you. [level up]
  4031 | D:8      | Reached XP level 9. HP: 39/81 MP: 14/14
  4146 | D:8      | Noticed a two-headed ogre
  4776 | D:9      | Found an iron altar of Okawaru.
  4850 | D:9      | Found a staircase to the Lair.
  4863 | D:9      | Reached skill level 10 in Axes
  5021 | D:9      | Reached XP level 10. HP: 76/88 MP: 18/18
  5030 | D:9      | Found Deits' Antique Armour Shoppe.
  5062 | D:9      | Noticed Edmund
  5084 | D:9      | Killed Edmund
  5179 | D:9      | Reached skill level 5 in Invocations
  5361 | D:9      | Found a glowing golden altar of the Shining One.
  5361 | D:9      | Found a shadowy altar of Dithmenos.
  5532 | D:10     | Entered Level 10 of the Dungeon
  5837 | D:10     | Reached skill level 11 in Axes
  6086 | Lair:1   | Entered Level 1 of the Lair of Beasts
  6188 | D:10     | Found Stohewotu's Assorted Antiques.
  6279 | D:10     | Noticed Grum
  6297 | D:10     | Killed Grum
  6717 | D:11     | Reached skill level 10 in Shields
  6734 | D:11     | Found a staircase to the Orcish Mines.
  7053 | D:11     | Gained mutation: Space occasionally distorts in your vicinity. [potion of mutation]
  7053 | D:11     | Gained mutation: You have a pair of small horns on your head. [potion of mutation]
  7053 | D:11     | Gained mutation: Armour fits poorly on your strangely shaped body. [potion of mutation]
  7059 | D:11     | Gained mutation: Scrolls take you a little longer to read. [potion of mutation]
  7059 | D:11     | Gained mutation: You have large cloven feet. [potion of mutation]
  7059 | D:11     | Lost mutation: Scrolls take you a little longer to read. [potion of mutation]
  7060 | D:11     | Gained mutation: Your system is resistant to poisons. [potion of mutation]
  7060 | D:11     | Gained mutation: Your magical capacity is low (-10% MP). [potion of mutation]
  7060 | D:11     | Gained mutation: You are agile. (Dex +2) [potion of mutation]
  7097 | D:11     | Reached XP level 11. HP: 94/94 MP: 18/18
  7116 | D:11     | Reached skill level 12 in Axes
  7528 | Orc:1    | Entered Level 1 of the Orcish Mines
  7602 | Orc:1    | Found Bulix's Jewellery Shoppe.
  7776 | Orc:3    | Noticed Harold
  7947 | D:12     | Slain by a two-headed ogre

Action                   |  1- 3 |  4- 6 |  7- 9 | 10-12 || total
-------------------------+-------+-------+-------+-------++-------
Melee: War axe           |    92 |   248 |   511 |   604 ||  1455
Invok: Minor Destruction |       |       |     1 |       ||     1
       Lesser Servant of |       |       |       |     1 ||     1
       Major Destruction |       |       |       |     1 ||     1
Evoke: Wand              |       |     1 |       |       ||     1
  Use: Scroll            |       |     3 |       |     2 ||     5
       Potion            |       |     1 |       |    10 ||    11
  Eat: Chunk             |       |     3 |    12 |    11 ||    26
